Map: Jagannatha LE

Players

KingCobra

  • Race: Protoss Protoss

Vanya - Winner!

  • Race: Zerg Zerg

Event: DreamHack SC2 Masters 2021 Winter

VOD

Have the link to the VOD?

Description

Time

  • Played on: Oct. 3, 2021, 11:58 a.m.
  • Length: 11:12

All games in this series

Show
View Real Time Build Order
Export as new Build Order

KingCobra Protoss 

Build Orders: 1 Gate Expand, Carrier Rush 

Get SALT Encoding   

  12  0:00  Probe  
  13  0:12  Probe  
  14  0:19  Pylon  
  14  0:24  Probe  
  15  0:38  Probe (Chrono Boost)  
  15  0:39  Gateway  
  16  0:46  Probe (Chrono Boost)  
  16  0:47  Assimilator  
  17  0:52  Probe (Chrono Boost)  
  18  1:04  Probe (Chrono Boost)  
  18  1:05  Assimilator  
  19  1:13  Probe (Chrono Boost)  
  20  1:18  Probe  
  21  1:28  Cybernetics Core  
  21  1:41  Nexus  
  21  1:44  Probe  
  22  1:50  Pylon  
  22  1:56  Probe  
  23  2:04  Warp Gate  
  23  2:08  Stalker, Probe (Chrono Boost)  
  26  2:18  Probe (Chrono Boost)  
  27  2:23  Probe (Chrono Boost), Stargate  
  28  2:34  Probe  
  29  2:38  Shield Battery  
  29  2:42  Assimilator  
  29  2:47  Probe  
  30  2:58  Void Ray (Chrono Boost), Probe (Chrono Boost)  
  31  3:03  Probe (Chrono Boost)  
  32  3:09  Probe (Chrono Boost)  
  38  3:13  Probe (Chrono Boost)  
  38  3:14  Probe (Chrono Boost)  
  38  3:18  Gateway  
  39  3:23  Probe  
  39  3:24  Probe  
  41  3:35  Probe  
  41  3:36  Probe  
  41  3:39  Fleet Beacon  
  43  3:47  Probe  
  44  3:49  Stargate  
  44  3:52  Probe  
  44  3:53  Assimilator  
  45  3:59  Probe  
  45  4:02  Protoss Air Weapons Level 1  
  46  4:04  Pylon  
  46  4:09  Pylon  
  46  4:22  Probe x2  
  54  4:34  Probe x2  
  54  4:37  Carrier (Chrono Boost)  
  56  4:39  Carrier (Chrono Boost)  
  56  4:42  Pylon  
  62  5:00  Nexus, Probe x2  
  62  5:06  Zealot x2  
  68  5:15  Pylon  
  68  5:18  Pylon  
  68  5:20  Probe x2  
  70  5:33  Void Ray (Chrono Boost)  
  70  5:35  Twilight Council  
  70  5:36  Zealot x2  
  70  5:40  Void Ray (Chrono Boost)  
  82  5:43  Probe  
  82  5:45  Probe  
  84  5:56  Zealot  
  85  5:58  Probe  
  85  6:01  Pylon  
  86  6:12  Probe x2  
  86  6:14  Protoss Air Weapons Level 2 (Chrono Boost)  
  86  6:16  Void Ray  
  86  6:17  Void Ray  
  86  6:20  Charge (Chrono Boost)  
  86  6:24  Probe  
  91  6:30  Probe x2  
  93  6:39  Gateway  
  93  6:41  Gateway  
  93  6:48  Probe x2  
  93  6:54  Shield Battery  
  93  6:56  Zealot x2  
  93  6:57  Void Ray x2, Gateway  
  93  7:00  Forge  
  97  7:08  Probe x3  
  101  7:14  Gateway  
  101  7:16  Templar Archives  
  101  7:20  Probe x3  
  104  7:28  Flux Vanes  
  104  7:29  Protoss Ground Weapons Level 1 (Chrono Boost)  
  102  7:32  Probe  
  102  7:34  Probe x2  
  102  7:36  Gateway  
  103  7:38  Gateway  
  103  7:40  Pylon  
  103  7:44  Probe  
  103  7:46  Probe  
  103  7:48  Probe  
  103  7:50  Photon Cannon  
  106  7:54  Assimilator  
  106  7:58  Assimilator  
  102  8:02  Zealot x3, High Templar x2  
  102  8:03  Probe  
  102  8:04  Probe  
  114  8:07  Archon  
  114  8:16  Pylon  
  114  8:17  Pylon  
  114  8:23  High Templar  
  114  8:26  Nexus  
  116  8:27  Pylon  
  116  8:30  Probe  
  116  8:34  Probe x2, High Templar  
  119  8:36  High Templar  
  119  8:37  High Templar  
  119  8:39  Archon  
  119  8:41  Archon  
  125  8:44  Zealot x4  
  125  8:46  Photon Cannon  
  133  8:53  Probe  
  134  8:57  Void Ray, Gateway  
  134  8:58  Stalker  
  136  9:07  Nexus  
  135  9:20  Void Ray (Chrono Boost)  
  119  9:32  Probe x2  
  117  9:40  Void Ray (Chrono Boost)  
  117  9:45  Probe x3  
  112  9:46  Zealot x7  
  112  9:47  Zealot  
  106  10:01  Probe x3  
  106  10:05  High Templar  
  106  10:06  High Templar  
  113  10:11  Assimilator, High Templar  
  113  10:12  High Templar  
  113  10:14  Zealot x2  
  119  10:15  Assimilator, Probe  
  119  10:18  Archon x2  
  122  10:22  Zealot x3  
  122  10:26  Void Ray  
  104  10:36  Stalker x2  
  96  10:50  Zealot x7  
  88  10:57  Zealot x5  
  88  11:03  Pylon  
Show
View Real Time Build Order
Export as new Build Order

Vanya Zerg - Winner!

Build Orders: Hatch First 

Get SALT Encoding   

  12  0:00  Drone  
  13  0:12  Overlord  
  13  0:16  Drone  
  14  0:30  Drone x2  
  16  0:48  Hatchery  
  15  0:51  Drone  
  15  0:55  Drone  
  17  0:58  Drone  
  18  1:08  Extractor  
  17  1:13  Spawning Pool  
  17  1:17  Drone  
  17  1:20  Drone  
  18  1:27  Drone  
  19  1:38  Drone  
  20  1:49  Drone  
  21  2:00  Queen x2  
  21  2:01  Zergling x2, Overlord  
  26  2:11  Drone x2  
  26  2:12  Metabolic Boost  
  28  2:22  Drone  
  29  2:23  Drone  
  30  2:33  Hatchery  
  30  2:35  Zergling x2  
  30  2:38  Drone  
  31  2:45  Queen  
  31  2:50  Overlord  
  33  2:53  Drone  
  33  2:54  Drone  
  33  2:56  Drone  
  36  3:10  Drone x2, Queen  
  36  3:12  Overlord  
  40  3:14  Drone  
  40  3:15  Drone  
  40  3:19  Drone  
  43  3:21  Drone  
  44  3:30  Drone x2  
  44  3:32  Queen  
  48  3:37  Drone  
  49  3:42  Overlord  
  49  3:45  Zergling x4  
  49  3:46  Drone x2  
  49  3:47  Queen  
  55  3:51  Overlord  
  55  3:54  Overlord  
  55  4:01  Spore Crawler  
  55  4:02  Drone  
  55  4:03  Drone x3  
  55  4:07  Lair  
  55  4:09  Drone x2  
  60  4:11  Drone  
  60  4:13  Drone  
  62  4:17  Drone x2  
  62  4:22  Drone x3  
  67  4:27  Drone, Extractor  
  67  4:28  Extractor  
  67  4:29  Drone  
  67  4:30  Roach Warren  
  66  4:33  Drone  
  66  4:35  Extractor  
  65  4:40  Overlord  
  65  4:41  Drone x5  
  65  4:44  Drone x2  
  72  4:52  Overlord  
  72  4:59  Drone  
  73  5:04  Drone  
  73  5:05  Drone x2, Extractor x2  
  73  5:07  Drone, Spire  
  74  5:08  Drone x5  
  74  5:09  Overseer  
  74  5:10  Glial Reconstitution  
  74  5:12  Drone x2  
  74  5:13  Drone  
  81  5:24  Hatchery  
  80  5:29  Overlord  
  80  5:34  Overlord x2  
  81  5:35  Drone x2  
  81  5:40  Drone x7  
  89  5:46  Overlord  
  89  5:48  Extractor  
  88  5:53  Extractor  
  88  5:55  Drone, Queen x2  
  88  5:56  Spore Crawler  
  88  5:57  Queen  
  91  5:58  Drone x3  
  91  6:00  Drone x2  
  91  6:02  Drone  
  91  6:03  Drone  
  99  6:05  Zergling x4  
  99  6:06  Zergling x2  
  99  6:07  Zergling x2  
  97  6:18  Zergling x16  
  104  6:29  Corruptor x3  
  104  6:30  Queen  
  108  6:36  Corruptor x2  
  101  6:41  Corruptor  
  102  6:49  Corruptor x2  
  105  6:54  Corruptor x2  
  109  7:04  Overlord  
  104  7:10  Zergling x14  
  104  7:12  Queen x2  
  113  7:23  Overlord  
  113  7:27  Hatchery  
  113  7:28  Corruptor x3  
  117  7:31  Overlord  
  116  7:38  Zergling x6  
  116  7:39  Zergling x4  
  116  7:40  Overlord x2  
  116  7:42  Corruptor  
  123  7:46  Corruptor  
  123  7:49  Corruptor  
  125  7:59  Corruptor x3  
  129  8:06  Roach x4  
  137  8:13  Queen x2  
  137  8:15  Queen  
  137  8:19  Zerg Flyer Weapons Level 1  
  143  8:23  Overlord x2  
  142  8:28  Roach x4  
  150  8:35  Overlord x2  
  150  8:38  Overlord x2  
  150  8:43  Queen  
  150  8:47  Roach x3  
  158  8:55  Roach x5  
  164  8:56  Ravager x2  
  164  8:57  Ravager  
  164  9:02  Overlord  
  167  9:06  Roach x4  
  160  9:18  Roach x8  
  151  9:24  Corruptor x2  
  151  9:26  Roach  
  149  9:32  Roach x3  
  149  9:37  Roach x3  
  159  9:45  Roach x5  
  151  9:49  Roach  
  151  9:51  Queen  
  147  9:55  Corruptor x2  
  147  9:57  Corruptor  
  153  10:00  Ravager x3  
  153  10:01  Ravager x3  
  153  10:04  Ravager  
  153  10:05  Ravager x2  
  162  10:09  Zergling x10  
  167  10:19  Roach x4  
  161  10:28  Roach  
  161  10:29  Roach x4  
  161  10:33  Roach x2  
  161  10:34  Overseer  
  169  10:36  Queen x3  
  169  10:42  Zergling x6  
  163  11:06  Hatchery  

Tags
 
Add a new tag
Caveats
  • Supply blocks, unpowered buildings, or Contaminate may cause inaccurate times.
  • Supply counts are checked every 10 seconds.